 Dungeon Crawl Stone Soup version 0.28-a0-1235-g7c8fac35f0 (webtiles) character file.

Game seed: 734846459385083566

55 ragingrage the Caller (level 3, -9/14 HPs)
             Began as a Felid Summoner on Dec 25, 2021.
             Mangled by a goblin (19 damage)
             ... led by Robin
             ... on level 2 of the Dungeon.
             The game lasted 00:03:19 (3107 turns).

ragingrage the Caller (Felid Summoner)              Turns: 3107, Time: 00:03:19

Health: -9/14      AC:  1    Str:  4    XL:     3   Next: 67%
Magic:  5/8        EV: 17    Int: 18    God:
Gold:   104        SH:  0    Dex: 16    Spells: 2/8 levels left
                                        Lives:  0   Deaths: 0

rFire   . . .      SeeInvis +   (weapon unavailable)
rCold   . . .      Faith    .   (shield unavailable)
rNeg    . . .      Spirit   .   (armour unavailable)
rPois   .          Reflect  .   (helmet unavailable)
rElec   .          Harm     .   (cloak unavailable)
rCorr   .          Rampage  .   (gloves unavailable)
Will    .....                   (boots unavailable)
Stlth   ++........              a - amulet of the acrobat
HPRegen 0.04/turn               (no ring)
MPRegen 0.11/turn               (no ring)

@: quick
A: very small, claws 1, fangs 3, see invisible, speed 1, shaggy fur 1, stealthy
paws, no weapons or thrown items, no armour, multi-lived
a: no special abilities


You were on level 2 of the Dungeon.
You visited 1 branch of the dungeon, and saw 2 of its levels.

You collected 104 gold pieces.

Inventory:

Jewellery
 a - an amulet of the acrobat (around neck)
Scrolls
 c - a scroll of torment {unknown}
 e - a scroll of acquirement {unknown}
Potions
 b - a potion of resistance {unknown}
 d - a potion of degeneration {unknown}


   Skills:
 - Level 2.6 Dodging
 - Level 2.6 Stealth
 + Level 3.0 Spellcasting
 + Level 4.7 Summonings


You had 2 spell levels left.
You knew the following spells:

 Your Spells              Type           Power      Damage    Failure   Level
a - Summon Small Mammal   Summ           76%        N/A       2%          1
b - Call Imp              Summ           19%        N/A       3%          2
c - Call Canine Familiar  Summ           19%        N/A       7%          3

Your spell library contained the following spells:

 Spells                   Type           Power      Damage    Failure   Level
 Summon Guardian Golem    Hex/Summ       11%        N/A       19%         3
 Summon Lightning Spire   Summ/Air       11%        N/A       52%         4


Dungeon Overview and Level Annotations

Branches:
Dungeon (2/15)

Altars:


Innate Abilities, Weirdness & Mutations

You have sharp claws.
You have razor-sharp teeth.
You have supernaturally acute eyesight. (SInv)
You cover ground quickly. (Speed+)
You are covered in fur. (AC +1)
Your paws help you pounce on unaware monsters.
You are incapable of wielding weapons or throwing items.
You cannot wear armour.
You gain extra lives every three experience levels.


Message History

The goblin barely misses you.
You closely miss the goblin. The goblin closely misses you.
Your white imp barely misses the goblin.
You closely miss the goblin. You bite the goblin.
The goblin is moderately wounded.
The goblin hits you with a +0 club.
Your white imp hits the goblin.
The goblin dies!
You start resting.
Magic restored.
You start resting.
Your white imp disappears in a puff of smoke!
HP restored.
Items here: ( )) †.
e - a scroll labelled PUETRA KULIQU You see here a hobgoblin corpse.
Done exploring.
Done exploring.
Items here: ( )) †.
There is a stone staircase leading down here.
Done exploring.
Done exploring.
Done exploring.
Unknown command.
You climb downwards.
The goblin completely misses you. The goblin barely misses you.
There is a stone staircase leading up here.
Unknown command.
A goblin is nearby!
A goblin is nearby!
Casting: Call Imp (safe; 3% risk of failure)
Confirm with . or Enter, or press ? or * to list all spells.
A shadowy apparition takes form in the air.
The goblin misses you.
Unknown command.
Casting: Call Imp (safe; 3% risk of failure)
Confirm with . or Enter, or press ? or * to list all spells.
The goblin hits you with a +1 dagger of electrocution.
You are electrocuted!!
Ouch! That really hurt!
You die...

#...................##.##.
###.####..............##.###
###...# #...............g.##
#...### #........[.....#...#
##..### #..............#.#.##
##...####................#..#
###..##.....r......##..###..
#.........5........##.## ##.
#..........@.....#.##.# ##
#...........g...#..##. #
#..........#..###.## .§
#..........##.# .# g...
#.......^..##.# .g....
#..........##.# ..g...
#..........##.# ......
#..........##.# ......
#.....>....##.#


You could see a goblin (ally target), a friendly shadow imp (summoned) and a
friendly quokka (summoned).

Vanquished Creatures
  A giant cockroach (D:1)
  A goblin (D:1)
  2 hobgoblins
  2 quokkas
  A frilled lizard (D:2)
7 creatures vanquished.

Vanquished Creatures (collateral kills)
  Robin (D:2)
  2 dart slugs
  2 endoplasms (D:1)
  2 giant cockroaches (D:1)
  6 goblins
  4 hobgoblins
  4 jackals (D:1)
  A quokka (D:1)
  2 bats
  3 frilled lizards
27 creatures vanquished.

Grand Total: 34 creatures vanquished

Notes
Turn   | Place    | Note
-------+----------+-------------------------------------------
     0 | D:1      | ragingrage the Felid Summoner began the quest for the Orb.
     0 | D:1      | Reached XP level 1. HP: 7/7 MP: 4/4
   238 | D:1      | Reached XP level 2. HP: 11/11 MP: 3/6
  1793 | D:2      | Reached XP level 3. HP: 14/14 MP: 6/8
  2120 | D:2      | Learned a level 2 spell: Call Imp
  2124 | D:2      | Learned a level 3 spell: Call Canine Familiar
  2187 | D:2      | Found a faded altar of an unknown god.
  2636 | D:2      | Noticed Robin
  2653 | D:2      | Killed Robin
  3107 | D:2      | Mangled by a goblin

Illustrated notes

Levels and vault maps discovered:
D:1:      elethiomel_arrival_quiet, layout_basic
D:2:      layout_rooms, chequers_ecumenical_altar_simple_redux,
          hangedman_glass_teeth, grunt_decor_fettered, uniq_robin, uniq_terence,
          uniq_natasha

Skill      XL: |  1  2  3 |
---------------+----------+-----
Spellcasting   | 3 |  3.0
Dodging        | |  2.6
Stealth        | |  2.6
Summonings     | |  4.7

Action                   || total
-------------------------++-------
Melee: Unarmed           ||    44
       Bite              ||     6
 Cast: Summon Small Mamm ||    45
       Call Imp          ||     6
Armor: Skin              ||     5
Dodge: Dodged            ||    68

Table legend: (Time is in decaauts)
 A = Elapsed time spent in this place.
 B = Non-inter-level travel time spent in this place.
 C = Inter-level travel time spent in this place.
 D = Time resting spent in this place.
 E = Time spent auto-exploring this place.
 F = Levels seen in this place.
 G = Mean time per level.
                   A        B        C        D        E       F      G
               +--------+--------+--------+--------+--------+-----+--------+
         Total |   2918 |   2873 |     45 |   1425 |   1013 |   2 | 1459.0 |
       Dungeon |   2918 |   2873 |     45 |   1425 |   1013 |   2 | 1459.0 |
               +--------+--------+--------+--------+--------+-----+--------+

Top non-repeatable levels by time:
     D:1: 2362 daAuts
     D:2: 556 daAuts
